 Dungeon Crawl Stone Soup version 0.20.1-1-g8b1a95d (webtiles) character file.

524961 Gremour the Minotaur Blade (level 24, -5/301 HPs)
             Began as a Minotaur Fighter on Dec 13, 2017.
             Was the Champion of Yredelemnul.
             Slain by an azure jelly (10 damage)
             ... created by the Royal Jelly
             ... on level 5 of the Pits of Slime on Dec 17, 2017.
             The game lasted 07:43:55 (54884 turns).

Gremour the Minotaur Blade (Minotaur Fighter)      Turns: 54884, Time: 07:43:56

Health: -5/301     AC:  2    Str: 28      XL:     24   Next: 23%
Magic:  24/34      EV: 26    Int:  8 (9)  God:    Yredelemnul [******]
Gold:   4314       SH: 30    Dex: 21 (22) Spells: 35/35 levels left

rFire    + + .     SeeInvis +   a - +8 scimitar (flame)
rCold    + + .     Gourm    .   S - +4 shield {rN+}
rNeg     + + .     Faith    .   v - +5 scale mail of Panentheism {MR+ Int+4 Dex+4 Stlth-}
rPois    +         Spirit   .   E - +2 hat {MR+}
rElec    .         Reflect  +   Y - scarf {rC+ rF+}
rCorr    +         Harm     .   t - +2 pair of gloves
MR       ++++.                  k - +2 pair of boots {Stlth+}
Stlth    ..........             p - brooch of Shielding {Reflect SH+8}
Regen    0.6/turn               r - ring "Umyssixt" {rPois rF+ rN+ Slay+2 SInv}
MPRegen  0.3/turn               U - ring of resist corrosion

@: berserking (expiring), corroded, very quick
A: retaliatory headbutt, hooves 1, horns 2, repulsion field 1, blurry vision 1,
cold resistance 1, deformed body, deterioration 2, dopey 1, frail 1, magic
resistance 1, sense surroundings 1
}: 3/15 runes: serpentine, barnacled, silver
a: Recall Undead Slaves, Injury Mirror, Animate Dead, Drain Life, Enslave Soul,
Renounce Religion


You were on level 5 of the Pits of Slime.
You worshipped Yredelemnul.
Yredelemnul was exalted by your worship.
You were hungry.

You visited 9 branches of the dungeon, and saw 49 of its levels.
You also visited: Trove, Sewer and Ice Cave.

You collected 6233 gold pieces.
You spent 1919 gold pieces at shops.

Inventory:

Hand Weapons
 a - a +8 scimitar of flaming (weapon)
Missiles
 y - 5 exploding tomahawks (quivered)
Armour
 k - a +2 pair of boots of stealth (worn)
 t - a +2 pair of gloves (worn)
 v - the +5 scale mail of Panentheism (worn) {MR+ Int+4 Dex+4 Stlth-}
   (You found it on level 2 of the Shoals)

   It affects your intelligence (+4).
   It affects your dexterity (+4).
   It affects your resistance to hostile enchantments.
   It makes you less stealthy.
 E - a +2 hat of magic resistance (worn)
 S - a +4 shield of positive energy (worn)
 Y - a scarf of resistance (worn)
Jewellery
 b - the ring of Xin Vukh {*Drain rPois rN+++ Str+3 Int-2 Dex+3}
   (You took it off a vault warden on level 5 of the Vaults)

   [ring of strength]

   It affects your strength (+3).
   It affects your intelligence (-2).
   It affects your dexterity (+3).
   It protects you from poison.
   It renders you almost immune to negative energy.
   It causes draining when unequipped.
 p - the brooch of Shielding (around neck) {Reflect SH+8}
   (You found it in a treasure trove)

   [amulet of reflection]

   It shields you and reflects attacks.
   It affects your SH (+8).
 q - an uncursed ring of positive energy
 r - the ring "Umyssixt" (left hand) {rPois rF+ rN+ Slay+2 SInv}
   (You bought it in a shop on level 1 of the Vaults)

   [ring of positive energy]

   It affects your accuracy and damage with ranged weapons and melee attacks
   (+2).
   It protects you from fire.
   It protects you from poison.
   It protects you from negative energy.
   It lets you see invisible.
 N - an uncursed ring of flight
 P - an uncursed amulet of the gourmand
 U - a ring of resist corrosion (right hand)
 W - the ring "Jidwodotu" {rPois rF+ rC+ SInv}
   (You found it on level 2 of the Lair of Beasts)

   [ring of poison resistance]

   It protects you from fire.
   It protects you from cold.
   It protects you from poison.
   It lets you see invisible.
Wands
 g - a wand of digging (24/24)
 l - a wand of disintegration (19/24)
 o - a wand of acid (10/15)
 s - a wand of acid (5/15)
 I - a wand of iceblast (12/15)
Scrolls
 h - 2 scrolls of magic mapping
 i - 16 scrolls of identify
 j - 6 scrolls of fear
 H - 19 scrolls of teleportation
 K - a scroll of enchant armour
 L - 3 scrolls of blinking
 X - 18 scrolls of remove curse
Potions
 d - 5 potions of might
 e - a potion of mutation
 m - 25 potions of curing
 u - 9 potions of heal wounds
 x - 12 potions of agility
 z - a potion of brilliance
 B - 2 potions of haste
 C - 2 potions of cancellation
 F - 4 potions of ambrosia
 J - 7 potions of resistance
Miscellaneous
 c - a phantom mirror
 n - a phial of floods
 w - a lightning rod (4/4)
 D - a lamp of fire
Comestibles
 f - 22 bread rations
 A - 39 royal jellies
 G - 4 meat rations
 M - 11 fruits


   Skills:
 - Level 20.0 Fighting
 + Level 22.8 Long Blades
 + Level 6.7 Throwing
 * Level 17.9 Armour
 - Level 15.4 Dodging
 - Level 22.6 Shields
 * Level 6.1 Spellcasting
 * Level 16.4 Invocations
 + Level 7.7 Evocations


You had 35 spell levels left.
You didn't know any spells.

Dungeon Overview and Level Annotations

Branches:
Dungeon (15/15)            Temple (0/1) D:5            Lair (6/6) D:11
 Shoals (4/4) Lair:4        Snake (4/4) Lair:2        Slime (5/5) Lair:5
    Orc (2/2) D:9             Elf (3/3) Orc:2        Vaults (5/5) D:14
  Crypt (0/3) Vaults:2     Depths (5/5) D:15            Zot (0/5) Depths:5

Altars:
Ashenzari
Cheibriados
Dithmenos
Hepliaklqana
Kikubaaqudgha
Okawaru
Ru
Sif Muna
Trog
Uskayaw
Vehumet
Xom
Yredelemnul
Zin
The Shining One
Beogh
Jiyva

Shops:
D:11 (   D:13 *   Orc:2 *}[!   Elf:1 [   Elf:3 *   Shoals:2 %[[   Shoals:4 }%((
Snake:2 ==!   Snake:4 *=}=   Vaults:1 =   Vaults:5 :   Depths:1 [%?!

Portals:
Hell: Depths:1 Depths:2 Depths:3 Depths:4 Depths:5
Abyss: Depths:2 Depths:4 Depths:5
Pandemonium: Depths:3 Depths:4
Ziggurat: Depths:3


Innate Abilities, Weirdness & Mutations

You reflexively headbutt those who attack you in melee.
You have a pair of horns on your head.
You have large cloven feet.
You are surrounded by a mild repulsion field. (EV +2)
Scrolls take you a little longer to read.
Your flesh is cold resistant. (rC+)
Armour fits poorly on your strangely shaped body.
Your body often deteriorates upon taking damage.
You are dopey. (Int -2)
You are frail. (-10% HP)
You are resistant to hostile enchantments. (MR+)
You passively map a small area around you.


Message History

You are too berserk!
You slice the azure jelly!! You burn the azure jelly.
You kill the azure jelly!
That felt strangely unrewarding.
You block the azure jelly's attack. The azure jelly closely misses you.
The azure jelly hits you but does no damage.
The azure jelly completely misses you.
Unknown command.
You barely miss the azure jelly.
The azure jelly is moderately wounded.
You block the azure jelly's attack. x2; The azure jelly closely misses you.
You block the azure jelly's attack. The azure jelly hits you!
* * * LOW HITPOINT WARNING * * *
The azure jelly freezes you! You resist.
* * * LOW HITPOINT WARNING * * *
The azure jelly hits you.
* * * LOW HITPOINT WARNING * * *
The azure jelly freezes you! You resist.
You die...
Your body rises from the dead as a mindless zombie.

..####.######....................
..##....#........................
.........................<.......
..............................#..
..........................######.
..........................# ##
........................### #
...............JJ......### #
...............J@........# #
................)........#
................†........#
.........................#*
..........................#
.........................##
.........^...............#
...................^..#.##
......................###


You could see 3 azure jellies.

Vanquished Creatures
  the Royal Jelly (Slime:5)
  An ancient lich (Vaults:5)
  Mara (Vaults:4)
  A juggernaut (Depths:5)
  Frederick (Vaults:3)
  2 golden dragons
  2 tentacled monstrosities
  A lich (Depths:2)
  3 titans
  2 deep elf blademasters (Elf:3)
  A quicksilver dragon (Vaults:5)
  16 acid blobs
  A storm dragon (Depths:2)
  2 tengu reavers (Vaults:5)
  3 shadow dragons
  Ilsuiw (Shoals:4)
  8 azure jellies
  A draconian knight (Depths:5)
  Roxanne (Elf:1)
  15 vault wardens
  4 fire giants
  An iron dragon (Depths:5)
  A deep elf sorcerer (Vaults:4)
  A frost giant (Depths:3)
  3 deep elf elementalists
  A balrug (Depths:1)
  15 very ugly things
  A war gargoyle (Vaults:5)
  6 ironheart preservers
  21 stone giants
  6 vampire knights
  Nessos (Lair:4)
  A deep elf demonologist (Elf:2)
  2 yellow draconians (Depths:5)
  2 purple draconians (Depths:5)
  2 deep elf annihilators
  2 white draconians (Depths:5)
  A black draconian (Depths:5)
  A blizzard demon (Depths:3)
  5 ettins
  4 deep elf death magi
  A merfolk javelineer (Shoals:4)
  2 death oozes (Slime:5)
  An ettin (shapeshifter) (Vaults:5)
  3 merfolk impalers
  3 fire dragons
  7 yaktaur captains
  3 jiangshi (Depths:3)
  7 ogre magi
  A quicksilver dragon zombie (Depths:3)
  11 great orbs of eyes
  15 vault guards
  2 hydras
  3 rakshasas
  6 ice dragons
  3 catoblepae (Lair:6)
  8 naga warriors
  3 centaur warriors
  5 merfolk aquamancers
  A death knight (D:14)
  2 anacondas (Snake:2)
  3 spriggan air magi
  29 two-headed ogres
  18 dancing weapons
  An alligator snapping turtle (Shoals:4)
  15 deep troll shamans
  A tengu warrior (Depths:4)
  6 deep troll earth magi
  5 death yaks (Lair:6)
  A queen ant (shapeshifter) (Vaults:5)
  6 naga sharpshooters
  4 orc high priests
  A shock serpent (Snake:3)
  Nergalle (Lair:2)
  5 spriggan berserkers
  15 deep elf knights
  2 sun demons (Depths:1)
  2 storm dragon zombies
  A salamander mystic (Snake:3)
  2 iron trolls
  An unseen horror (Vaults:1)
  3 flayed ghosts
  A spark wasp zombie (Depths:3)
  4 naga ritualists
  4 skeletal warriors
  2 storm dragon skeletons (Depths:3)
  22 deep trolls
  5 sea snakes
  3 glowing orange brains
  2 wizards
  6 necromancers
  A golden dragon skeleton (Depths:3)
  A tengu zombie (Vaults:3)
  8 deep elf archers
  6 ironbrand convokers
  A phantasmal warrior (Vaults:5)
  7 orc sorcerers
  7 orc knights
  3 shining eyes
  7 manticores
  64 slime creatures
  3 mana vipers
  A frost giant zombie (Vaults:1)
  5 wolf spiders
  24 deep elf magi
  14 harpies
  5 salamanders
  12 ugly things
  8 cyclopes
  2 sphinx skeletons
  2 stone giant zombies
  3 fauns
  An elf zombie (Elf:3)
  3 merfolk sirens
  17 black mambas
  3 naga magi
  3 ice statues
  A smoke demon (Depths:3)
  Maurice (Orc:1)
  2 guardian serpents
  2 eyes of devastation
  9 vault sentinels
  6 elephants
  A gargoyle (D:15)
  5 spiny frogs
  A water nymph (Shoals:4)
  A spriggan zombie (Depths:3)
  A rime drake (shapeshifter) (Vaults:3)
  A rime drake (Lair:1)
  24 yaktaurs
  2 freezing wraiths (Vaults:4)
  12 ice devils
  A human skeleton (Vaults:3)
  A spriggan skeleton (D:15)
  2 komodo dragons
  3 meliai (Lair:4)
  2 meliai (shapeshifter)
  9 merfolk
  4 trolls
  A hornet (shapeshifter) (Depths:4)
  A jumping spider (shapeshifter) (Vaults:3)
  2 wind drakes
  4 hornets
  A meliai zombie (D:15)
  3 dream sheep
  An ettin zombie (Vaults:1)
  10 blink frogs
  5 snapping turtles
  8 hippogriffs
  4 air elementals
  4 redbacks
  2 spriggans (Depths:2)
  A vampire (D:13)
  A ynoxinul (Depths:3)
  2 flying skulls (Depths:3)
  A redback (shapeshifter) (Depths:4)
  35 yaks
  A basilisk (Lair:5)
  11 water elementals
  2 fire elementals
  A chaos spawn (Depths:3)
  2 wyverns
  Eustachio (D:4)
  A golden eye (Slime:5)
  A golden eye (shapeshifter) (Depths:2)
  A vampire mosquito (D:14)
  An elf skeleton (D:15)
  A hog (shapeshifter) (Vaults:2)
  20 nagas
  5 wargs
  5 water moccasins
  2 soldier ants
  A swamp drake (shapeshifter) (Vaults:3)
  A porcupine (Lair:1)
  Duvessa (D:7)
  A tengu skeleton (D:15)
  37 orc warriors
  A sky beast (D:15)
  A black bear (D:6)
  5 ice beasts
  3 eyes of draining
  32 ogres
  8 wolves
  6 boggarts
  A phantom (D:4)
  A black bear (shapeshifter) (Vaults:5)
  A necrophage (D:11)
  A tengu (shapeshifter) (Vaults:4)
  10 crocodiles
  6 centaurs
  14 bullfrogs
  A gnoll sergeant (D:9)
  2 earth elementals
  Dowan (D:7)
  A wyvern skeleton (D:13)
  4 scorpions
  2 human simulacra (Vaults:3)
  10 killer bees
  12 wights
  3 howler monkeys (D:13)
  2 crimson imps
  A quasit (D:9)
  A bullfrog zombie (D:13)
  2 centaur zombies
  8 hounds
  4 centaur skeletons
  34 orc priests
  2 jellies (D:9)
  2 bullfrog skeletons
  An iron imp (Depths:3)
  3 iguanas
  14 orc wizards
  10 worker ants
  A hell rat (Lair:6)
  3 yak simulacra (Lair:2)
  4 wolf simulacra (Lair:2)
  A hound zombie (D:9)
  A hound skeleton (D:7)
  A howler monkey skeleton (D:8)
  6 gnolls
  14 adders
  9 river rats
  2 shadow imps
  8 white imps
  7 ufetubi
  An ooze (D:1)
  2 adder skeletons
  4 worms
  2 dart slugs (D:1)
  2 leopard geckos
  93 orcs
  5 giant cockroaches
  4 goblins
  4 hobgoblins
  17 jackals
  24 kobolds
  4 quokkas
  7 ball pythons
  6 bats
  6 frilled lizards
  A leopard gecko skeleton (D:4)
  23 rats
  A bush (Lair:1)
  A fungus (Lair:4)
  14 plants
  A tentacle (Shoals:4)
  A withered plant (D:15)
1377 creatures vanquished.

Vanquished Creatures (collateral kills)
  A juggernaut (Depths:2)
  Vashnia (Snake:4)
  The ghost of troglodite the Warrior, a veteran DsBe of Trog (Vaults:4)
  A bone dragon (Vaults:2)
  2 golden dragons (Vaults:5)
  3 liches
  2 tentacled monstrosities (Vaults:5)
  2 titans (Vaults:5)
  A deep elf blademaster (Elf:2)
  2 deep elf master archers (Elf:3)
  A quicksilver dragon (Vaults:5)
  A kraken (Shoals:4)
  11 acid blobs
  A storm dragon (Depths:2)
  3 shadow dragons
  2 azure jellies
  4 tengu reavers (Vaults:5)
  A revenant (Depths:3)
  4 fire giants
  Agnes (Elf:1)
  Donald (Snake:2)
  6 nagarajas
  Aizul (Snake:2)
  3 deep elf sorcerers
  2 frost giants
  7 vault wardens
  An orc warlord (Orc:2)
  4 iron dragons
  A juggernaut zombie (Depths:3)
  A fire giant (shapeshifter) (Vaults:5)
  2 deep elf elementalists (Elf:3)
  A ghoul (Vaults:1)
  An entropy weaver (Vaults:5)
  11 ironheart preservers
  8 very ugly things
  10 stone giants
  2 vampire knights (Depths:3)
  The ghost of Statics the Brawler, an adept VSTm of Cheibriados (Elf:2)
  A war gargoyle (Vaults:5)
  11 deep elf annihilators
  4 deep elf demonologists
  A purple draconian (Depths:5)
  A black draconian (Depths:5)
  A blizzard demon (IceCv)
  A merfolk javelineer (Shoals:4)
  A crystal guardian (Vaults:3)
  An ettin (shapeshifter) (Vaults:3)
  2 death oozes (Slime:5)
  8 ettins
  3 fire dragons (Depths:2)
  3 deep elf death magi (Elf:3)
  9 merfolk impalers
  5 deep elf high priests
  9 yaktaur captains
  2 jiangshi
  5 great orbs of eyes
  3 rakshasas
  17 vault guards
  11 naga warriors
  2 ice dragons
  2 alligator snapping turtles (Shoals:4)
  4 centaur warriors
  5 hydras
  A catoblepas (Lair:6)
  A merfolk avatar (Shoals:1)
  A caustic shrike simulacrum (Depths:2)
  The ghost of AGinkyLinky the Cleaver, a novice MiBe of Trog (D:9)
  6 anacondas
  Erica (Lair:2)
  26 dancing weapons
  2 merfolk aquamancers (Shoals:4)
  24 two-headed ogres
  2 satyrs
  9 ogre magi
  3 death knights
  A vampire mage (Depths:5)
  2 death yaks (Lair:6)
  15 naga sharpshooters
  4 deep troll shamans
  2 tengu warriors
  2 deep troll earth magi
  A spriggan berserker (Depths:2)
  A shock serpent (Snake:3)
  14 deep elf knights
  An orc high priest (Orc:2)
  An iron troll (shapeshifter) (Vaults:5)
  2 storm dragon skeletons
  A skeletal warrior (Vaults:3)
  7 sea snakes
  A kraken simulacrum (Shoals:4)
  15 deep trolls
  2 flayed ghosts
  A glowing orange brain (Depths:3)
  An iron troll (Depths:2)
  A wizard (Vaults:1)
  6 naga ritualists
  An orange crystal statue (Elf:3)
  A golden dragon skeleton (Depths:2)
  A phantasmal warrior (Vaults:3)
  16 deep elf archers
  9 ironbrand convokers
  23 harpies
  2 sphinx zombies (Depths:3)
  7 ugly things
  2 necromancers
  46 deep elf magi
  8 mana vipers
  4 orc knights
  A wolf spider (Vaults:4)
  4 orc sorcerers
  A glowing shapeshifter (Vaults:5)
  4 fauns
  4 oklob plants (Lair:1)
  A shining eye (Slime:5)
  4 cyclopes
  11 manticores
  2 elf zombies
  3 frost giant zombies
  5 merfolk sirens
  5 salamanders (Snake:3)
  5 elephants
  2 water nymphs
  9 naga magi
  A fire giant skeleton (Depths:2)
  2 guardian serpents (Snake:3)
  25 black mambas
  2 ice statues (Elf:3)
  6 spiny frogs
  17 vault sentinels
  2 centaur zombies
  2 rime drakes (Lair:6)
  2 freezing wraiths (Vaults:1)
  A kobold demonologist (D:13)
  38 yaktaurs
  2 komodo dragons (Lair:2)
  A guardian mummy (D:15)
  4 ice devils (IceCv)
  A jumping spider (shapeshifter) (Vaults:1)
  A queen bee (Lair:4)
  20 merfolk
  9 wind drakes
  7 hornets
  A tengu conjurer (Depths:4)
  2 trolls
  8 blink frogs
  37 slime creatures
  6 snapping turtles
  7 dream sheep
  3 hippogriffs
  2 flying skulls (Depths:3)
  2 wraiths (Vaults:1)
  A human simulacrum (Vaults:4)
  A shadow (D:11)
  4 spriggans
  8 air elementals
  A tarantella (Vaults:5)
  4 redbacks (Snake:1)
  A spriggan (shapeshifter) (Vaults:4)
  15 water elementals
  2 fire elementals
  2 basilisks
  A hungry ghost (D:13)
  Grum (Lair:1)
  2 wyverns
  19 yaks
  A steam dragon (D:12)
  A vampire mosquito (D:14)
  A warg (Orc:1)
  35 nagas
  A naga (shapeshifter) (Depths:2)
  3 acid dragons
  A deep troll zombie (Depths:3)
  3 water moccasins
  A water moccasin (shapeshifter) (Depths:2)
  A porcupine (Lair:1)
  11 orc warriors
  An orc zombie (Vaults:1)
  3 eyes of draining
  7 centaurs
  An ogre (shapeshifter) (D:14)
  4 boggarts
  6 wolves
  16 ogres
  An orc skeleton (Vaults:2)
  6 crocodiles
  A big kobold (D:12)
  A human zombie (Vaults:4)
  7 bullfrogs
  A gnoll sergeant (D:10)
  5 human skeletons
  2 earth elementals
  An ogre simulacrum (Vaults:1)
  2 elf simulacra
  A scorpion (D:12)
  14 killer bees
  3 wights
  3 howler monkeys (D:8)
  A crimson imp (D:9)
  A bullfrog zombie (D:13)
  A quasit (D:12)
  3 hounds
  5 orc priests
  6 orc wizards
  An iguana (D:12)
  A bullfrog skeleton (D:9)
  3 worker ants
  A yak simulacrum (Lair:2)
  A hell rat (Lair:6)
  A wolf simulacrum (Lair:2)
  2 worker ant zombies (D:9)
  7 gnolls
  6 river rats (Lair:6)
  37 orcs
  A jackal (D:5)
  A frilled lizard (D:5)
  4 kobolds (D:12)
  A rat (Lair:6)
  2 river rat simulacra (Lair:2)
  2 bushes (Lair:1)
  2 crawling corpses (Elf:3)
  18 fungi
  75 plants
  3 tentacles (Shoals:4)
1163 creatures vanquished.

Vanquished Creatures (others)
  A golden dragon (Depths:4)
  2 profane servitors
  8 bone dragons
  A deep elf sorcerer (Elf:3)
  8 ghouls
  12 vampire knights
  A deep elf annihilator (Elf:3)
  3 very ugly thing zombies
  A quicksilver dragon zombie (Vaults:5)
  A naga warrior (Snake:4)
  A deep troll earth mage (Depths:2)
  A deep elf knight (Elf:3)
  A storm dragon zombie (Depths:2)
  A golden dragon zombie (Depths:2)
  9 skeletal warriors
  A shadow wraith (Vaults:3)
  An entropy weaver zombie (Vaults:5)
  4 shadow dragon zombies
  9 flayed ghosts
  4 tengu zombies
  10 phantasmal warriors
  2 wolf spider zombies
  4 fire giant zombies
  A golden dragon skeleton (Vaults:5)
  3 very ugly thing skeletons (Depths:5)
  9 stone giant zombies
  3 ugly thing zombies
  An iron dragon zombie (Depths:5)
  A draconian zombie (Depths:5)
  An iron dragon skeleton (Vaults:5)
  A manticore (Shoals:3)
  3 human skeletons (Vaults:5)
  A black draconian zombie (Depths:5)
  2 elf skeletons
  4 spriggan zombies
  12 yaktaurs
  3 redback zombies
  3 ghoul skeletons
  A purple draconian zombie (Depths:5)
  A sea snake zombie (Shoals:4)
  5 harpy zombies
  A hydra zombie (Lair:2)
  6 merfolk zombies
  A tarantella zombie (Vaults:5)
  2 ettin zombies
  2 ice dragon zombies
  A meliai zombie (Lair:4)
  A harpy skeleton (Shoals:3)
  A fire dragon zombie (Depths:4)
  9 deep troll zombies
  8 vampires
  18 flying skulls
  4 wraiths
  4 black mamba zombies
  2 wind drake zombies (Shoals:4)
  28 human zombies
  10 two-headed ogre zombies
  2 nagas (Snake:4)
  A water nymph zombie (Shoals:3)
  2 faun zombies (Shoals:1)
  17 elf zombies
  2 dream sheep zombies (Shoals:1)
  2 hornet zombies
  2 elephant zombies (Lair:6)
  2 manticore zombies
  A boggart (Depths:4)
  2 blink frog zombies (Lair:6)
  25 yaktaur zombies
  3 cyclops zombies
  3 water moccasin zombies
  2 yaktaur skeletons
  A wyvern skeleton (D:5)
  A troll zombie (Orc:2)
  6 yak zombies
  2 yak skeletons
  2 wights
  A wolf zombie (Lair:6)
  6 centaur zombies
  A bullfrog skeleton (Lair:3)
  A basilisk zombie (Lair:3)
  8 killer bee zombies (Lair:4)
  2 acid dragon zombies
  10 naga zombies
  A crocodile zombie (Lair:3)
  10 ogre zombies
  An ogre skeleton (Vaults:4)
  3 dwarf skeletons (Depths:1)
  A mummy (Lair:3)
  2 hell rat zombies (Lair:6)
  2 orc skeletons
  3 white imps (IceCv)
  4 ufetubi
  An orc (Orc:2)
  4 river rat zombies (Lair:6)
  40 orc zombies
  A quokka zombie (D:6)
  A fire vortex (Depths:5)
  3 fungi
  27 plants
  15 tentacles (Shoals:4)
465 creatures vanquished.

Grand Total: 3005 creatures vanquished

Notes
Turn   | Place    | Note
-------+----------+-------------------------------------------
     0 | D:1      | Gremour the Minotaur Fighter began the quest for the Orb.
     0 | D:1      | Reached XP level 1. HP: 19/19 MP: 0/0
    27 | D:1      | Reached XP level 2. HP: 17/27 MP: 1/1
   538 | D:1      | Reached XP level 3. HP: 33/33 MP: 2/2
   941 | D:2      | Found a shattered altar of Ashenzari.
  1267 | D:2      | Reached XP level 4. HP: 30/40 MP: 3/3
  1310 | D:2      | Reached skill level 5 in Long Blades
  1790 | D:3      | Found a snail-covered altar of Cheibriados.
  1797 | D:3      | Found a shadowy altar of Dithmenos.
  2033 | D:3      | Found a glowing silver altar of Zin.
  2033 | D:3      | Noticed an angel
  2047 | D:3      | Found a shimmering altar of Xom.
  2123 | D:3      | Found a bloodstained altar of Trog.
  2158 | D:3      | Found a basalt altar of Yredelemnul.
  2160 | D:3      | Noticed a profane servitor
  2165 | D:3      | Became a worshipper of Yredelemnul the Dark
  2174 | D:3      | Found a glowing golden altar of the Shining One.
  2176 | D:3      | Noticed an angel
  2376 | D:4      | Reached XP level 5. HP: 34/46 MP: 4/4
  2480 | D:4      | Noticed Eustachio
  2481 | D:4      | Noticed an ogre
  2490 | D:4      | Killed an ogre
  2509 | D:4      | Killed Eustachio
  2509 | D:4      | Reached XP level 6. HP: 20/52 MP: 5/5
  2525 | D:4      | Noticed a moth of wrath
  2528 | D:4      | Found a bloodstained altar of Trog.
  2608 | D:4      | Reached * piety under Yredelemnul
  2616 | D:4      | Found a glowing drain.
  2710 | Sewer    | Entered a sewer
  3017 | Sewer    | Reached XP level 7. HP: 37/58 MP: 6/6
  3061 | Sewer    | Reached ** piety under Yredelemnul
  3730 | D:4      | Reached skill level 10 in Long Blades
  4116 | D:5      | Entered Level 5 of the Dungeon
  4140 | D:5      | Found a staircase to the Ecumenical Temple.
  4326 | D:5      | Found a sacrificial altar of Ru.
  4556 | D:5      | Reached XP level 8. HP: 66/66 MP: 7/7
  5224 | D:6      | Reached skill level 5 in Armour
  5225 | D:6      | Reached skill level 1 in Invocations
  5255 | D:6      | Noticed a hippogriff
  5265 | D:6      | Killed a hippogriff
  5444 | D:6      | Reached *** piety under Yredelemnul
  5635 | D:6      | Reached XP level 9. HP: 71/72 MP: 9/9
  5657 | D:7      | Reached skill level 5 in Shields
  5831 | D:7      | Reached skill level 5 in Fighting
  5851 | D:7      | Noticed Duvessa
  5857 | D:7      | Killed Duvessa
  5859 | D:7      | Noticed Dowan
  5861 | D:7      | Killed Dowan
  5945 | D:7      | Received a gift from Yredelemnul (a wight)
  6801 | D:8      | Received a gift from Yredelemnul (5 flying skulls)
  7045 | D:8      | Received a gift from Yredelemnul (a mummy)
  7430 | D:8      | Reached XP level 10. HP: 76/83 MP: 11/11
  7671 | D:9      | Found a hazy altar of Hepliaklqana.
  7734 | D:9      | Found a radiant altar of Vehumet.
  7747 | D:9      | Found a hide-covered altar of Uskayaw.
  7909 | D:9      | Found an ancient bone altar of Kikubaaqudgha.
  8283 | D:9      | Reached **** piety under Yredelemnul
  8301 | D:9      | Reached skill level 1 in Dodging
  8309 | D:9      | Received a gift from Yredelemnul (4 flying skulls)
  8575 | D:9      | Found a bloodstained altar of Trog.
  8613 | D:9      | Found a staircase to the Orcish Mines.
  8728 | D:9      | Noticed AGinkyLinky's ghost (novice MiBe)
  8746 | D:9      | Killed AGinkyLinky's ghost
  9049 | D:9      | Noticed a cyclops
  9061 | D:9      | Killed a cyclops
  9391 | D:10     | Entered Level 10 of the Dungeon
  9416 | D:10     | Found an iron altar of Okawaru.
 10321 | D:10     | Noticed a two-headed ogre
 10328 | D:10     | Killed a two-headed ogre
 10468 | D:11     | Found Yrghituf's Antique Weapon Shoppe.
 10490 | D:11     | Noticed a cyclops
 10506 | D:11     | Killed a cyclops
 10785 | D:11     | Received a gift from Yredelemnul (a wraith)
 10887 | D:11     | Found a staircase to the Lair.
 11239 | D:11     | Noticed a two-headed ogre
 11244 | D:11     | Killed a two-headed ogre
 11244 | D:11     | Reached XP level 11. HP: 68/94 MP: 13/13
 11505 | D:12     | Noticed a two-headed ogre
 11511 | D:12     | Received a gift from Yredelemnul (a wight)
 11514 | D:12     | Killed a two-headed ogre
 11588 | D:12     | Noticed a red ugly thing
 11598 | D:12     | Killed a red ugly thing
 11615 | D:12     | Reached skill level 5 in Dodging
 11660 | D:12     | Received a gift from Yredelemnul (a wraith)
 11676 | D:12     | Reached skill level 5 in Invocations
 11948 | D:13     | Noticed a cyan ugly thing
 11956 | D:13     | Killed a cyan ugly thing
 11960 | D:13     | Gained mutation: Armour fits poorly on your strangely shaped body. [mutagenic meat]
 11961 | D:13     | Gained mutation: Your mind is acute. (Int +2) [mutagenic meat]
 11962 | D:13     | Gained mutation: You are occasionally teleported next to monsters. [mutagenic meat]
 11963 | D:13     | Lost mutation: Armour fits poorly on your strangely shaped body. [potion of mutation]
 11963 | D:13     | Lost mutation: Your mind is acute. (Int +2) [potion of mutation]
 11963 | D:13     | Lost mutation: You are occasionally teleported next to monsters. [potion of mutation]
 11963 | D:13     | Gained mutation: You are robust. (+10% HP) [potion of mutation]
 11963 | D:13     | Gained mutation: You are agile. (Dex +2) [potion of mutation]
 12019 | D:13     | Found a portal to a secret trove of treasure.
 12048 | D:13     | Received a gift from Yredelemnul (4 flying skulls)
 12054 | D:13     | Reached skill level 1 in Evocations
 12324 | D:13     | Found Ypiptel's Assorted Antiques.
 12327 | D:13     | Bought a scorched great sword for 207 gold pieces
 12332 | D:13     | Identified the +6 great sword "Goblinslayer" {slice, rPois rF+} (You bought it in a shop on level 13 of the Dungeon)
 12358 | Trove    | Entered a treasure trove
 12363 | Trove    | Got a wavering brass ring
 12365 | Trove    | Got a serpentine ivory ring
 12375 | Trove    | Got a smoking platinum ring
 12382 | Trove    | Got a smoking iron amulet
 12386 | Trove    | Got a coiled ivory amulet
 12394 | Trove    | Identified the ring "Dosac" {Int+4 SInv} (You found it in a treasure trove)
 12395 | Trove    | Identified the ring of Birdsong {rCorr *Corrode +Fly SInv} (You found it in a treasure trove)
 12402 | Trove    | Identified the ring of Ynou {*Tele rF+} (You found it in a treasure trove)
 12420 | Trove    | Identified the amulet "Tuusiet" {Faith Dex+3} (You found it in a treasure trove)
 12424 | Trove    | Identified the amulet "Mefeut" {Spirit Dex+4} (You found it in a treasure trove)
 12606 | D:13     | Noticed a skeletal warrior
 12607 | D:13     | Noticed a skeletal warrior
 12612 | D:13     | Noticed a skeletal warrior
 12616 | D:13     | Killed a skeletal warrior
 12629 | D:13     | Killed a skeletal warrior
 12638 | D:13     | Killed a skeletal warrior
 13327 | D:14     | Reached skill level 15 in Long Blades
 13440 | D:14     | Gained mutation: You have supernaturally acute eyesight. (SInv) [mutagenic meat]
 13696 | D:14     | Noticed a green ugly thing
 13696 | D:14     | Noticed a green ugly thing
 13697 | D:14     | Noticed a green ugly thing
 13727 | D:14     | Killed a green ugly thing
 13727 | D:14     | Reached skill level 10 in Fighting
 13728 | D:14     | Killed a purple ugly thing
 13735 | D:14     | Killed a purple ugly thing
 13735 | D:14     | Reached XP level 12. HP: 87/116 MP: 15/15
 13738 | D:14     | Gained mutation: You do not regenerate when monsters are visible. [mutagenic meat]
 13739 | D:14     | Gained mutation: Your magical capacity is low. (-10% MP) [mutagenic meat]
 13740 | D:14     | Gained mutation: Your mind is acute. (Int +2) [mutagenic meat]
 13741 | D:14     | Gained mutation: You have sharp toenails. [mutagenic meat]
 14072 | D:14     | Noticed a death knight
 14083 | D:14     | Killed a death knight
 14285 | D:15     | Entered Level 15 of the Dungeon
 14299 | D:15     | Noticed a centaur warrior
 14303 | D:15     | Killed a centaur warrior
 14496 | D:15     | Noticed a centaur warrior
 14503 | D:15     | Killed a centaur warrior
 14775 | D:15     | Found a staircase to the Depths.
 15798 | Orc:1    | Entered Level 1 of the Orcish Mines
 15802 | Orc:1    | Noticed Maurice
 15825 | Orc:1    | Killed Maurice
 16040 | Orc:2    | Entered Level 2 of the Orcish Mines
 16072 | Orc:2    | Noticed a two-headed ogre
 16085 | Orc:2    | Killed a two-headed ogre
 16193 | Orc:2    | Noticed a two-headed ogre
 16197 | Orc:2    | Killed a two-headed ogre
 16213 | Orc:2    | Noticed a two-headed ogre
 16218 | Orc:2    | Killed a two-headed ogre
 16228 | Orc:2    | Noticed a two-headed ogre
 16233 | Orc:2    | Killed a two-headed ogre
 16487 | Orc:2    | Reached skill level 5 in Evocations
 16492 | Orc:2    | Noticed an orc warlord
 16492 | Orc:2    | Reached XP level 13. HP: 84/126 MP: 15/15
 16543 | Orc:2    | HP: 4/126 [orc warrior/glaive (9)]
 17111 | Orc:2    | Found a roughly hewn altar of Beogh.
 17566 | Orc:2    | Found Giuck's Distillery.
 17585 | Orc:2    | Found Zumazxou's Armour Shoppe.
 18049 | Orc:2    | Found a staircase to the Elven Halls.
 18142 | Orc:2    | Got a transparent scale mail
 18153 | Orc:2    | Identified the cursed +1 scale mail of Submission {rC++} (You found it on level 2 of the Orcish Mines)
 18262 | Orc:2    | Received a gift from Yredelemnul (3 flying skulls)
 18271 | Orc:2    | Found a roughly hewn altar of Beogh.
 18279 | Orc:2    | Killed an orc warlord
 18539 | Orc:2    | Received a gift from Yredelemnul (a vampire)
 18542 | Orc:2    | Reached skill level 10 in Armour
 18587 | Orc:2    | Found Ziskex's Gadget Boutique.
 18669 | Orc:2    | Found Virgh's Assorted Antiques.
 18757 | Orc:1    | Received a gift from Yredelemnul (a flayed ghost)
 18766 | Orc:1    | Reached skill level 1 in Throwing
 19217 | Lair:1   | Entered Level 1 of the Lair of Beasts
 19628 | Lair:1   | Received a gift from Yredelemnul (2 flying skulls)
 19635 | Lair:1   | Reached ***** piety under Yredelemnul
 19755 | Lair:1   | Noticed Grum
 19774 | Lair:1   | Killed Grum
 20183 | Lair:2   | Got a faintly glowing bone ring
 20185 | Lair:2   | Identified the ring "Jidwodotu" {rPois rF+ rC+ SInv} (You found it on level 2 of the Lair of Beasts)
 20197 | Lair:2   | Noticed Nergalle
 20204 | Lair:2   | Received a gift from Yredelemnul (a wraith)
 20209 | Lair:2   | Killed Nergalle
 20213 | Lair:2   | Reached XP level 14. HP: 76/139 MP: 14/16
 20336 | Lair:2   | Found a staircase to the Snake Pit.
 20683 | Lair:2   | Noticed Erica
 20697 | Lair:2   | Killed Erica
 21670 | Lair:4   | Noticed Nessos
 21679 | Lair:4   | Killed Nessos
 21789 | Lair:4   | Your ally Nessos died
 22065 | Lair:4   | Received a gift from Yredelemnul (a skeletal warrior)
 22140 | Lair:4   | Found a staircase to the Shoals.
 23073 | Lair:5   | Found a staircase to the Slime Pits.
 23074 | Lair:5   | Found a viscous altar of Jiyva.
 23305 | Lair:6   | Entered Level 6 of the Lair of Beasts
 23338 | Lair:6   | Received a gift from Yredelemnul (a vampire knight)
 23338 | Lair:6   | Received a gift from Yredelemnul (a wraith)
 23517 | Lair:6   | Reached ****** piety under Yredelemnul
 23772 | Lair:6   | Reached skill level 5 in Throwing
 23792 | Lair:6   | Got a spiked scale mail
 23803 | Lair:6   | Identified the cursed +1 scale mail "Dirurgh" {rF+ rC+} (You found it on level 6 of the Lair of Beasts)
 23859 | Lair:6   | Reached XP level 15. HP: 64/149 MP: 14/18
 24552 | Shoals:1 | Entered Level 1 of the Shoals
 24973 | Shoals:1 | Received a gift from Yredelemnul (a vampire knight)
 25251 | Shoals:1 | Got a pitted war axe
 25268 | Shoals:1 | Identified the +2 war axe of Chagrin {antimagic, +Rage Str+4 Int+3} (You found it on level 1 of the Shoals)
 25678 | Shoals:1 | Reached skill level 10 in Dodging
 25860 | Shoals:2 | Found Wiw Likehu's Food Boutique.
 25987 | Shoals:2 | Received a gift from Yredelemnul (a bone dragon)
 26013 | Shoals:2 | Found Cech's Armour Boutique.
 26038 | Shoals:2 | Found Ofaij's Antique Armour Emporium.
 26064 | Shoals:2 | Bought a runed cloak for 135 gold pieces
 26064 | Shoals:2 | Bought a glowing shield for 135 gold pieces
 26064 | Shoals:2 | Bought a glowing shield for 135 gold pieces
 26149 | Shoals:2 | Got a dazzling scale mail
 26161 | Shoals:2 | Identified the +5 scale mail of Panentheism {MR+ Int+4 Dex+4 Stlth-} (You found it on level 2 of the Shoals)
 26170 | Shoals:2 | Lost mutation: You do not regenerate when monsters are visible. [potion of mutation]
 26170 | Shoals:2 | Lost mutation: Your mind is acute. (Int +2) [potion of mutation]
 26170 | Shoals:2 | Lost mutation: Your magical capacity is low. (-10% MP) [potion of mutation]
 26170 | Shoals:2 | Lost mutation: You have sharp toenails. [potion of mutation]
 26170 | Shoals:2 | Lost mutation: You are agile. (Dex +2) [potion of mutation]
 26170 | Shoals:2 | Lost mutation: You are robust. (+10% HP) [potion of mutation]
 26170 | Shoals:2 | Gained mutation: Your muscles are strong. (Str +2) [potion of mutation]
 26170 | Shoals:2 | Gained mutation: You evolve. [potion of mutation]
 26505 | Shoals:2 | Gained mutation: You are robust. (+10% HP) [evolution]
 26946 | Shoals:3 | Received a gift from Yredelemnul (a ghoul)
 26982 | Shoals:4 | Entered Level 4 of the Shoals
 26982 | Shoals:4 | Found Horuemeo's Food Shoppe.
 27079 | Shoals:4 | Received a gift from Yredelemnul (a flayed ghost)
 27362 | Shoals:4 | Reached XP level 16. HP: 111/161 MP: 16/21
 27378 | Shoals:4 | Got an encrusted falchion {elec}
 27511 | Shoals:4 | Received a gift from Yredelemnul (a ghoul)
 27780 | Shoals:4 | Noticed a kraken
 27789 | Shoals:4 | Killed a kraken
 27857 | Shoals:4 | Got a barnacled rune of Zot
 27896 | Shoals:4 | Got a steaming trident
 27897 | Shoals:4 | Identified the +1 trident of Hiodgh {drain, rElec rF- rC+} (You found it on level 4 of the Shoals)
 27923 | Shoals:4 | Received a gift from Yredelemnul (a bone dragon)
 28041 | Shoals:4 | Gained mutation: You are partially covered in rugged brown scales. (AC +1, +3% HP) [evolution]
 28042 | Shoals:4 | Found Syfrae's Weapon Emporium.
 28088 | Shoals:4 | Found Kofihin's Gadget Shop.
 28107 | Shoals:4 | Reached skill level 10 in Shields
 28132 | Shoals:4 | Noticed Ilsuiw
 28132 | Shoals:4 | Found Umua's Weapon Boutique.
 28135 | Shoals:4 | Received a gift from Yredelemnul (a phantasmal warrior)
 28143 | Shoals:4 | Killed Ilsuiw
 28257 | Shoals:4 | Identified the +3 falchion of the Owl {elec, MR+ Str+3} (You took it off a merfolk aquamancer on level 4 of the Shoals)
 28652 | Snake:1  | Entered Level 1 of the Snake Pit
 28670 | Snake:1  | Reached skill level 15 in Fighting
 28691 | Snake:1  | Received a gift from Yredelemnul (a profane servitor)
 29425 | Snake:1  | Received a gift from Yredelemnul (a vampire)
 29525 | Snake:2  | Found Texeawun's Distillery.
 29527 | Snake:2  | Found Sunaekk's Jewellery Boutique.
 29530 | Snake:2  | Found Parocw's Jewellery Shop.
 30079 | Snake:2  | Noticed Aizul
 30089 | Snake:2  | Killed Aizul
 30143 | Snake:2  | Noticed Donald
 30159 | Snake:2  | Killed Donald
 30391 | Snake:3  | Received a gift from Yredelemnul (a flayed ghost)
 30566 | Snake:3  | Reached XP level 17. HP: 130/176 MP: 9/23
 30569 | Snake:3  | Reached skill level 10 in Invocations
 30569 | Snake:3  | Received a gift from Yredelemnul (a vampire knight)
 31195 | Snake:4  | Entered Level 4 of the Snake Pit
 31259 | Snake:4  | Found Gasoaf's General Store.
 31372 | Snake:4  | Received a gift from Yredelemnul (a bone dragon)
 31408 | Snake:4  | Noticed Vashnia
 31423 | Snake:4  | Killed Vashnia
 31678 | Snake:4  | Found Valyn's Gadget Shop.
 31679 | Snake:4  | Found Enwan Raf's Jewellery Shoppe.
 31679 | Snake:4  | Found Inoich's Jewellery Shoppe.
 31889 | Snake:4  | Received a gift from Yredelemnul (a vampire knight)
 31943 | Snake:4  | Reached skill level 15 in Shields
 32009 | Snake:4  | Got a serpentine rune of Zot
 32467 | Elf:1    | Entered Level 1 of the Elven Halls
 32480 | Elf:1    | Received a gift from Yredelemnul (a vampire knight)
 32561 | Elf:1    | Received a gift from Yredelemnul (a vampire knight)
 32593 | Elf:1    | Got a sparkling ruby amulet
 32595 | Elf:1    | Identified the amulet of Irerphow {Harm *Drain rElec Dex+4} (You found it on level 1 of the Elven Halls)
 32633 | Elf:1    | Received a gift from Yredelemnul (a vampire)
 32725 | Elf:1    | Noticed Agnes
 32734 | Elf:1    | Killed Agnes
 32940 | Elf:1    | Found Unorof's Antique Armour Shoppe.
 32943 | Elf:1    | Bought a pair of runed boots for 247 gold pieces
 33066 | Elf:1    | Noticed Roxanne
 33072 | Elf:1    | Killed Roxanne
 33073 | Elf:1    | Identified Roxanne's Papyrus of Transmigration (You took it off Roxanne on level 1 of the Elven Halls)
 33256 | Elf:2    | Received a gift from Yredelemnul (a skeletal warrior)
 33322 | Elf:2    | Gained mutation: You are very robust. (+20% HP) [evolution]
 33430 | Elf:2    | Reached XP level 18. HP: 202/204 MP: 25/25
 33544 | Elf:2    | Noticed Statics's ghost (adept VSTm)
 33550 | Elf:2    | Killed Statics's ghost
 33570 | Elf:2    | Found a runed gate.
 33570 | Elf:2    | Found a runed gate.
 33580 | Elf:2    | Found a runed gate.
 33650 | Elf:2    | Received a gift from Yredelemnul (a flayed ghost)
 33781 | Elf:2    | Received a gift from Yredelemnul (a vampire)
 33881 | Elf:3    | Entered Level 3 of the Elven Halls
 33939 | Elf:3    | Found a frozen archway.
 33969 | IceCv    | Entered an ice cave
 34138 | IceCv    | Received a gift from Yredelemnul (a vampire knight)
 34752 | Elf:3    | Received a gift from Yredelemnul (a flayed ghost)
 34784 | Elf:3    | Found Xunwoff's General Store.
 34856 | Elf:3    | Received a gift from Yredelemnul (a flayed ghost)
 34906 | Elf:3    | Found a deep blue altar of Sif Muna.
 35186 | Elf:3    | Noticed a Brimstone Fiend
 35209 | Elf:3    | Received a gift from Yredelemnul (a bone dragon)
 35723 | Elf:3    | Got an ancient broad axe {flame}
 35723 | Elf:3    | Got a steaming buckler
 35747 | Elf:3    | Identified the +0 buckler "Addesin" {+Fly Regen+ Str-2} (You took it off a deep elf death mage on level 3 of the Elven Halls)
 35761 | Elf:3    | Identified the +8 broad axe "Hess" {flame, Dex+4 SInv} (You took it off a deep elf death mage on level 3 of the Elven Halls)
 35796 | Elf:3    | Identified the Guide on Bewitchment and the Frostbite
 35806 | Elf:3    | Identified the Volume of Igneous Darkness
 35846 | Elf:3    | Identified the Papyrus of Damaging Displacement
 35929 | Elf:3    | Identified the Handbook of the Escort
 36076 | Elf:1    | Received a gift from Yredelemnul (a ghoul)
 36262 | D:14     | Identified 3 scrolls of acquirement
 36357 | D:14     | Got a bound emerald amulet
 36359 | D:14     | Identified the amulet of Equivalence {Gourm *Contam +Inv Dex+5} (You acquired it on level 14 of the Dungeon)
 36433 | D:14     | Found a gate to the Vaults.
 36446 | Vaults:1 | Entered Level 1 of the Vaults
 36569 | Vaults:1 | Reached XP level 19. HP: 197/212 MP: 23/26
 36581 | Vaults:1 | Received a gift from Yredelemnul (a vampire knight)
 36756 | Vaults:1 | Gained mutation: You are occasionally teleported next to monsters. [mutagenic glow]
 36997 | Vaults:1 | Received a gift from Yredelemnul (a skeletal warrior)
 37064 | Vaults:1 | Received a gift from Yredelemnul (a vampire)
 37492 | Vaults:1 | Received a gift from Yredelemnul (a vampire knight)
 37513 | Vaults:1 | Found Cucof's Jewellery Shoppe.
 37546 | Vaults:1 | Bought the ring "Umyssixt" {rPois rF+ rN+ Slay+2 SInv} for 863 gold pieces
 38637 | Vaults:2 | Noticed a bone dragon
 38638 | Vaults:2 | Found a staircase to the Crypt.
 38650 | Vaults:2 | Killed a bone dragon
 38690 | Vaults:2 | Received a gift from Yredelemnul (a phantasmal warrior)
 38991 | Vaults:2 | Gained mutation: Your muscles are very strong. (Str +4) [evolution]
 39042 | Vaults:2 | Received a gift from Yredelemnul (a bone dragon)
 39411 | Vaults:3 | Received a gift from Yredelemnul (a ghoul)
 39445 | Vaults:3 | Reached XP level 20. HP: 115/226 MP: 20/28
 39591 | Vaults:3 | Got a dazzling shortbow
 39597 | Vaults:3 | Identified the +9 shortbow of Jocludec {venom, MR++} (You found it on level 3 of the Vaults)
 39854 | Vaults:3 | Noticed Frederick
 40591 | Vaults:3 | Received a gift from Yredelemnul (a skeletal warrior)
 41235 | Vaults:3 | Killed Frederick
 41235 | Vaults:3 | Received a gift from Yredelemnul (a bone dragon)
 41625 | Vaults:4 | Received a gift from Yredelemnul (a phantasmal warrior)
 41752 | Vaults:4 | Noticed Mara
 41757 | Vaults:4 | Noticed Gremour's illusion
 41776 | Vaults:4 | Killed Mara
 41776 | Vaults:4 | Reached skill level 15 in Armour
 41970 | Vaults:4 | Noticed troglodite's ghost (veteran DsBe)
 41989 | Vaults:4 | Killed troglodite's ghost
 42484 | Vaults:4 | Received a gift from Yredelemnul (a skeletal warrior)
 42832 | Vaults:5 | Entered Level 5 of the Vaults
 42864 | Vaults:4 | Received a gift from Yredelemnul (a vampire)
 43021 | Vaults:5 | Received a gift from Yredelemnul (a bone dragon)
 43023 | Vaults:5 | Noticed a golden dragon
 43038 | Vaults:5 | Killed a golden dragon
 43485 | Vaults:5 | Noticed a golden dragon
 43492 | Vaults:5 | Killed a golden dragon
 43534 | Vaults:5 | Reached XP level 21. HP: 210/238 MP: 26/29
 43550 | Vaults:5 | Noticed an ancient lich
 43560 | Vaults:5 | Killed an ancient lich
 43621 | Vaults:5 | Received a gift from Yredelemnul (a vampire knight)
 43661 | Vaults:5 | Received a gift from Yredelemnul (a skeletal warrior)
 43864 | Vaults:5 | Identified the Handbook of Curses and the Entourage
 43934 | Vaults:5 | Got a slimy jade ring
 43965 | Vaults:5 | Received a gift from Yredelemnul (a phantasmal warrior)
 43989 | Vaults:5 | Identified the ring of Xin Vukh {*Drain rPois rN+++ Str+3 Int-2 Dex+3} (You took it off a vault warden on level 5 of the Vaults)
 44239 | Vaults:5 | Noticed a golden dragon
 44246 | Vaults:5 | Killed a golden dragon
 44283 | Vaults:5 | Found Ziell's Book Shop.
 44608 | Vaults:5 | Received a gift from Yredelemnul (a phantasmal warrior)
 44628 | Vaults:5 | Reached skill level 1 in Spellcasting
 44680 | Vaults:5 | Received a gift from Yredelemnul (a vampire)
 44716 | Vaults:5 | Got a silver rune of Zot
 44965 | Vaults:5 | Got a scintillating crystal amulet
 44966 | Vaults:5 | Received a gift from Yredelemnul (a flayed ghost)
 45372 | Vaults:1 | Lost mutation: You are partially covered in rugged brown scales. (AC +1, +3% HP) [mutagenic meat]
 45374 | Vaults:1 | Gained mutation: You tend to lose your temper in combat. [mutagenic meat]
 45376 | Vaults:1 | Gained mutation: You are dopey. (Int -2) [mutagenic meat]
 45377 | Vaults:1 | Gained mutation: Your spells are a little harder to cast, but a little more powerful. [mutagenic meat]
 45380 | Vaults:1 | Lost mutation: Your muscles are very strong. (Str +4) [potion of mutation]
 45380 | Vaults:1 | Lost mutation: You evolve. [potion of mutation]
 45380 | Vaults:1 | Lost mutation: You tend to lose your temper in combat. [potion of mutation]
 45380 | Vaults:1 | Lost mutation: You are dopey. (Int -2) [potion of mutation]
 45380 | Vaults:1 | Lost mutation: You are very robust. (+20% HP) [potion of mutation]
 45380 | Vaults:1 | Lost mutation: You have supernaturally acute eyesight. (SInv) [potion of mutation]
 45380 | Vaults:1 | Gained mutation: You have very sharp teeth. [potion of mutation]
 45381 | Vaults:1 | Lost mutation: Your muscles are strong. (Str +2) [potion of mutation]
 45381 | Vaults:1 | Lost mutation: Your spells are a little harder to cast, but a little more powerful. [potion of mutation]
 45381 | Vaults:1 | Lost mutation: You are occasionally teleported next to monsters. [potion of mutation]
 45381 | Vaults:1 | Lost mutation: You are robust. (+10% HP) [potion of mutation]
 45381 | Vaults:1 | Gained mutation: You are partially covered in thin metallic scales. (AC +2) [potion of mutation]
 45381 | Vaults:1 | Gained mutation: Your natural rate of healing is unusually fast. [potion of mutation]
 45601 | Depths:1 | Entered Level 1 of the Depths
 45695 | Depths:1 | Found a gateway to Hell.
 45775 | Depths:1 | Received a gift from Yredelemnul (a flayed ghost)
 45901 | Depths:1 | Found Mityaf's Armour Emporium.
 45906 | Depths:1 | Identified the amulet of Natromel {Faith Int+3} (You took it off a yaktaur captain on level 5 of the Vaults)
 45911 | Depths:1 | Found Ythenukk's Magic Scroll Shoppe.
 45911 | Depths:1 | Found Woeschic's Food Emporium.
 45914 | Depths:1 | Found Mumez's Distillery.
 45923 | Depths:1 | Bought a potion of haste for 100 gold pieces
 45926 | Depths:1 | Bought a scroll of blinking for 97 gold pieces
 45953 | Depths:1 | Reached XP level 22. HP: 186/205 MP: 31/31
 46270 | Depths:1 | Received a gift from Yredelemnul (a skeletal warrior)
 46376 | Depths:2 | Found a one-way gate to the infinite horrors of the Abyss.
 46470 | Depths:2 | Received a gift from Yredelemnul (a bone dragon)
 46600 | Depths:2 | Received a gift from Yredelemnul (a ghoul)
 46741 | Depths:2 | Received a gift from Yredelemnul (a profane servitor)
 46749 | Depths:2 | Noticed a golden dragon
 46776 | Depths:2 | Killed a golden dragon
 46777 | Depths:2 | Received a gift from Yredelemnul (a vampire knight)
 46790 | Depths:2 | Reached skill level 15 in Dodging
 46809 | Depths:2 | Killed a juggernaut
 47512 | Depths:3 | Got a heavily runed platinum amulet
 47514 | Depths:3 | Identified the amulet of Inolatuo {Inacc rPois rF- rN+} (You found it on level 3 of the Depths)
 47548 | Depths:3 | Received a gift from Yredelemnul (a phantasmal warrior)
 47618 | Depths:3 | Found a gateway to a ziggurat.
 47802 | Depths:3 | Found a deep blue altar of Sif Muna.
 48066 | Depths:3 | Found a one-way gate leading to the halls of Pandemonium.
 48241 | Depths:3 | Received a gift from Yredelemnul (a ghoul)
 48597 | Depths:3 | Reached XP level 23. HP: 215/215 MP: 32/32
 48690 | Depths:4 | Lost mutation: Your natural rate of healing is unusually fast. [a shining eye]
 49622 | Depths:5 | Entered Level 5 of the Depths
 49624 | Depths:5 | Noticed a juggernaut
 49654 | Depths:5 | Killed a juggernaut
 49682 | Depths:5 | Received a gift from Yredelemnul (a phantasmal warrior)
 50068 | Depths:5 | Reached skill level 15 in Invocations
 50105 | Depths:5 | Received a gift from Yredelemnul (a vampire)
 50191 | Depths:4 | Gained mutation: You have a pair of large horns on your head. [mutagenic meat]
 50192 | Depths:4 | Gained mutation: Your flesh is cold resistant. (rC+) [mutagenic meat]
 50193 | Depths:4 | Lost mutation: You have a pair of large horns on your head. [mutagenic meat]
 50194 | Depths:4 | Gained mutation: You evolve. [mutagenic meat]
 50195 | Depths:4 | Gained mutation: Scrolls take you a little longer to read. [mutagenic meat]
 50196 | Depths:4 | Gained mutation: You occasionally shout uncontrollably at your foes. [mutagenic meat]
 50197 | Depths:4 | Lost mutation: Scrolls take you a little longer to read. [mutagenic meat]
 50198 | Depths:4 | Gained mutation: You are frail. (-10% HP) [mutagenic meat]
 50199 | Depths:4 | Gained mutation: You are partially covered in icy blue scales. (AC +2) [mutagenic meat]
 50200 | Depths:4 | Gained mutation: You are clumsy. (Dex -2) [mutagenic meat]
 50201 | Depths:4 | Gained mutation: You are occasionally teleported next to monsters. [mutagenic meat]
 50202 | Depths:4 | Gained mutation: You are sometimes teleported next to monsters. [mutagenic meat]
 50203 | Depths:4 | Lost mutation: You are clumsy. (Dex -2) [mutagenic meat]
 50206 | Depths:4 | Lost mutation: You evolve. [mutagenic meat]
 50208 | Depths:4 | Gained mutation: You are dopey. (Int -2) [mutagenic meat]
 50209 | Depths:4 | Lost mutation: Your flesh is cold resistant. (rC+) [mutagenic meat]
 50210 | Depths:4 | Lost mutation: You are dopey. (Int -2) [potion of mutation]
 50210 | Depths:4 | Lost mutation: You occasionally shout uncontrollably at your foes. [potion of mutation]
 50210 | Depths:4 | Gained mutation: Armour fits poorly on your strangely shaped body. [potion of mutation]
 50210 | Depths:4 | Lost mutation: You are frail. (-10% HP) [potion of mutation]
 50211 | Depths:4 | Lost mutation: You are sometimes teleported next to monsters. [potion of mutation]
 50211 | Depths:4 | Lost mutation: Armour fits poorly on your strangely shaped body. [potion of mutation]
 50211 | Depths:4 | Lost mutation: You are occasionally teleported next to monsters. [potion of mutation]
 50211 | Depths:4 | Lost mutation: You are partially covered in thin metallic scales. (AC +2) [potion of mutation]
 50211 | Depths:4 | Lost mutation: You have very sharp teeth. [potion of mutation]
 50211 | Depths:4 | Gained mutation: You are dopey. (Int -2) [potion of mutation]
 50211 | Depths:4 | Gained mutation: You are resistant to hostile enchantments. (MR+) [potion of mutation]
 50211 | Depths:4 | Gained mutation: You possess an exceptional clarity of mind. [potion of mutation]
 50394 | Depths:5 | Gained mutation: Your magical capacity is low. (-10% MP) [mutagenic meat]
 50395 | Depths:5 | Gained mutation: Scrolls take you a little longer to read. [mutagenic meat]
 50396 | Depths:5 | Gained mutation: You passively map a small area around you. [mutagenic meat]
 50397 | Depths:5 | Lost mutation: You are dopey. (Int -2) [mutagenic meat]
 50424 | Depths:5 | Received a gift from Yredelemnul (a skeletal warrior)
 50455 | Depths:5 | Found a gate to the Realm of Zot.
 50479 | Depths:5 | Reached skill level 5 in Spellcasting
 50879 | Depths:5 | Received a gift from Yredelemnul (a phantasmal warrior)
 50905 | Depths:5 | Lost mutation: You passively map a small area around you. [mutagenic meat]
 50907 | Depths:5 | Gained mutation: You passively map a small area around you. [mutagenic meat]
 50908 | Depths:5 | Lost mutation: You possess an exceptional clarity of mind. [mutagenic meat]
 50909 | Depths:5 | Gained mutation: Scrolls take you longer to read. [mutagenic meat]
 50912 | Depths:5 | Gained mutation: Scrolls take you much longer to read. [mutagenic meat]
 50915 | Depths:5 | Lost mutation: Your magical capacity is low. (-10% MP) [potion of mutation]
 50915 | Depths:5 | Lost mutation: You are resistant to hostile enchantments. (MR+) [potion of mutation]
 50915 | Depths:5 | Gained mutation: You do not regenerate when monsters are visible. [potion of mutation]
 50915 | Depths:5 | Gained mutation: You possess an exceptional clarity of mind. [potion of mutation]
 51351 | Orc:2    | Lost mutation: You possess an exceptional clarity of mind. [potion of mutation]
 51351 | Orc:2    | Lost mutation: Scrolls take you much longer to read. [potion of mutation]
 51351 | Orc:2    | Gained mutation: You are somewhat resistant to further mutation. [potion of mutation]
 51352 | Orc:2    | Lost mutation: Scrolls take you longer to read. [potion of mutation]
 51352 | Orc:2    | Lost mutation: You are partially covered in icy blue scales. (AC +2) [potion of mutation]
 51352 | Orc:2    | Lost mutation: You are somewhat resistant to further mutation. [potion of mutation]
 51352 | Orc:2    | Lost mutation: Scrolls take you a little longer to read. [potion of mutation]
 51352 | Orc:2    | Gained mutation: You possess an exceptional clarity of mind. [potion of mutation]
 51352 | Orc:2    | Gained mutation: You have large cloven feet. [potion of mutation]
 51352 | Orc:2    | Gained mutation: Your flesh is cold resistant. (rC+) [potion of mutation]
 51353 | Orc:2    | Lost mutation: You do not regenerate when monsters are visible. [potion of mutation]
 51353 | Orc:2    | Lost mutation: You possess an exceptional clarity of mind. [potion of mutation]
 51353 | Orc:2    | Gained mutation: You are surrounded by a mild repulsion field. (EV +2) [potion of mutation]
 51353 | Orc:2    | Gained mutation: You are frail. (-10% HP) [potion of mutation]
 51353 | Orc:2    | Gained mutation: Your mind is acute. (Int +2) [potion of mutation]
 51767 | Slime:1  | Entered Level 1 of the Pits of Slime
 51788 | Slime:1  | Received a gift from Yredelemnul (a flayed ghost)
 52273 | Slime:1  | Received a gift from Yredelemnul (a skeletal warrior)
 52767 | Slime:2  | Gained mutation: Your body sometimes deteriorates upon taking damage. [a shining eye]
 52771 | Slime:2  | Gained mutation: You are resistant to hostile enchantments. (MR+) [a shining eye]
 52773 | Slime:2  | Gained mutation: Your body often deteriorates upon taking damage. [a shining eye]
 53245 | Slime:3  | Received a gift from Yredelemnul (a phantasmal warrior)
 53491 | Slime:3  | Received a gift from Yredelemnul (a vampire knight)
 53585 | Slime:3  | Received a gift from Yredelemnul (a phantasmal warrior)
 53719 | Slime:3  | Lost mutation: Your mind is acute. (Int +2) [a shining eye]
 54301 | Slime:5  | Entered Level 5 of the Pits of Slime
 54305 | Slime:5  | Received a gift from Yredelemnul (a ghoul)
 54351 | Slime:5  | Reached XP level 24. HP: 191/201 MP: 34/34
 54440 | Slime:4  | Gained mutation: You are dopey. (Int -2) [a shining eye]
 54590 | Slime:5  | Gained mutation: Scrolls take you a little longer to read. [a shining eye]
 54593 | Slime:5  | Gained mutation: Armour fits poorly on your strangely shaped body. [a shining eye]
 54665 | Slime:5  | Received a gift from Yredelemnul (a ghoul)
 54754 | Slime:5  | Found a viscous altar of Jiyva.
 54854 | Slime:5  | Noticed the Royal Jelly
 54870 | Slime:5  | Killed the Royal Jelly
 54884 | Slime:5  | HP: 8/301 [azure jelly[the Royal Jelly] (11)]
 54884 | Slime:5  | Slain by an azure jelly

Skill      XL: |  1  2  3  4  5  6  7  8  9 10 11 12 13 14 15 16 17 18 19 20 21 22 23 24 |
---------------+-------------------------------------------------------------------------+-----
Long Blades    | 3 4 6 8 9 11 12 13 14 15 16 17 18 19 20 21 22 | 22.8
Armour         | 5 7 8 9 10 11 12 13 14 15 16 17 | 17.9
Fighting       | 4 6 8 10 12 13 14 15 16 17 18 19 20 | 20.0
Shields        | 4 6 7 8 13 16 18 19 21 22 | 22.6
Invocations    | 1 3 4 5 6 7 8 9 11 12 13 14 16 | 16.4
Dodging        | 4 6 8 9 10 11 12 13 14 15 | 15.4
Evocations     | 3 5 6 7 |  7.7
Throwing       | 2 5 6 |  6.7
Spellcasting   | 2 4 5 6 |  6.1

Action                   |  1- 3 |  4- 6 |  7- 9 | 10-12 | 13-15 | 16-18 | 19-21 | 22-24 || total
-------------------------+-------+-------+-------+-------+-------+-------+-------+-------++-------
Melee: Long sword        |    83 |   138 |   327 |   226 |       |       |       |       ||   774
       Headbutt          |    11 |    26 |    81 |   113 |   253 |   281 |   417 |   441 ||  1623
       Great sword       |       |       |       |   211 |   583 |       |       |       ||   794
       Kick              |       |       |       |    66 |   113 |       |       |       ||   179
       Glaive            |       |       |       |       |     1 |       |       |       ||     1
       Scimitar          |       |       |       |       |   123 |   830 |   986 |  1141 ||  3080
       Bite              |       |       |       |       |       |       |    27 |   128 ||   155
Throw: Javelin           |       |     1 |       |       |       |       |       |       ||     1
       Tomahawk          |       |       |       |     3 |       |       |       |     1 ||     4
Invok: Animate Remains   |       |       |     9 |    23 |       |       |       |       ||    32
       Animate Dead      |       |       |    10 |    15 |   103 |    82 |    95 |    55 ||   360
       Recall Undead Sla |       |       |       |       |     3 |    14 |    29 |    16 ||    62
       Injury Mirror     |       |       |       |       |     1 |       |       |       ||     1
       Drain Life        |       |       |       |       |       |     2 |     5 |     4 ||    11
Evoke: Box of beasts     |       |       |       |       |     2 |       |       |       ||     2
       Wand              |       |       |       |       |     1 |     1 |     1 |     1 ||     4
       Phial of floods   |       |       |       |       |       |     2 |       |     1 ||     3
       Phantom mirror    |       |       |       |       |       |     1 |       |       ||     1
       Lamp of fire      |       |       |       |       |       |     1 |       |     1 ||     2
  Use: Scroll            |       |     4 |     9 |    18 |    14 |    17 |     8 |     6 ||    76
       Potion            |       |       |     1 |     3 |     5 |     4 |    10 |    10 ||    33
 Stab: Distracted        |       |       |     1 |     7 |    10 |    19 |    15 |    34 ||    86
       Paralysed         |       |       |       |       |     2 |     4 |       |     3 ||     9
       Confused          |       |       |       |       |       |       |     1 |       ||     1
  Eat: Chunk             |     1 |     6 |    19 |    21 |    50 |    39 |    87 |    68 ||   291
       Meat ration       |       |       |       |     4 |     1 |     5 |     3 |     1 ||    14
       Fruit             |       |       |       |     7 |     9 |     5 |       |    13 ||    34
       Royal jelly       |       |       |       |     1 |     1 |       |       |       ||     2
Armor: Scale mail        |    33 |    76 |   105 |   111 |   253 |   131 |   154 |   195 ||  1058
Dodge: Dodged            |    18 |    42 |    71 |   175 |   461 |   277 |   387 |   475 ||  1906
Block: Shield            |    56 |    74 |   157 |    77 |   132 |   867 |  1012 |  1186 ||  3561
       Other             |       |       |       |    69 |   244 |       |       |       ||   313
       Reflection        |       |       |       |     6 |    19 |   115 |    83 |    52 ||   275
       Buckler           |       |       |       |       |       |    18 |       |       ||    18
       Rpst.: Long sword |     2 |    16 |    24 |    14 |       |       |       |       ||    56
       Great sword       |       |       |       |    28 |   105 |       |       |       ||   133
       Scimitar          |       |       |       |       |    12 |    43 |    74 |    65 ||   194
